 Dungeon Crawl Stone Soup version 0.27.1-4-g1640c2035a (webtiles) character file.

Game seed: 1303940587021081422

71 Descartes the Firebug (level 4, -2/24 HPs)
             Began as a Deep Elf Fire Elementalist on Nov 17, 2021.
             Slain by an orc (3 damage)
             ... on level 3 of the Dungeon.
             The game lasted 00:06:33 (1749 turns).

Descartes the Firebug (Deep Elf Fire Elementalist)  Turns: 1749, Time: 00:06:34

Health: -2/24      AC:  2    Str:  5    XL:     4   Next: 5%
Magic:  2/10       EV: 12    Int: 21    God:
Gold:   66         SH:  0    Dex: 15    Spells: 8/9 levels left

rFire    . . .     SeeInvis .   d - +2 short sword (venom)
rCold    . . .     Faith    .   (no shield)
rNeg     . . .     Spirit   .   a - +0 robe
rPois    .         Reflect  .   (no helmet)
rElec    .         Harm     .   (no cloak)
rCorr    .         Rampage  .   (no gloves)
Will     .....                  (no boots)
Stlth    ++........             (no amulet)
HPRegen  0.08/turn              (no ring)
MPRegen  0.12/turn              (no ring)

@: no status effects
A: no striking features
a: no special abilities


You were on level 3 of the Dungeon.
You visited 1 branch of the dungeon, and saw 3 of its levels.

You collected 66 gold pieces.

Inventory:

Hand Weapons
 b - a +0 war axe of freezing
 d - a +2 short sword of venom (weapon)
 m - a +2 dagger of electrocution
Missiles
 h - 41 stones
 j - 4 boomerangs
Armour
 a - a +0 robe (worn)
Scrolls
 c - 3 scrolls of immolation {unknown}
 f - a scroll of fear {unknown}
 g - a scroll of teleportation {unknown}
 i - a scroll of enchant armour {unknown}
 k - a scroll of torment {unknown}
 l - a scroll of identify {unknown}
Potions
 e - a potion of degeneration {unknown}


   Skills:
 - Level 2.4 Dodging
 - Level 2.4 Stealth
 - Level 3.0 Spellcasting
 + Level 3.1 Conjurations
 + Level 4.5 Fire Magic


You had 8 spell levels left.
You knew the following spells:

 Your Spells              Type           Power      Damage    Failure   Level
a - Foxfire               Conj/Fire      76%        2x1d7     2%          1

Your spell library contained the following spells:

 Spells                   Type           Power      Damage    Failure   Level
 Conjure Flame            Conj/Fire      19%        6-21      9%          3
 Inner Flame              Hex/Fire       12%        N/A       16%         3
 Sticky Flame             Conj/Fire      19%        2d4       28%         4
 Fireball                 Conj/Fire      9%         3d6       61%         5


Dungeon Overview and Level Annotations

Branches:
Dungeon (3/15)

Altars:
Trog

Shops:
D:2 [


Message History

You don't have enough magic to cast this spell.
Casting: Foxfire (safe; 3% risk of failure)
Confirm with . or Enter, or press ? or * to list all spells.
You don't have enough magic to cast this spell.
You hit the orc wizard.
The orc wizard looks as sick as possible!
The orc wizard is severely wounded.
The orc wizard gestures at you while chanting.
The magic dart hits you!
* * * LOW HITPOINT WARNING * * *
You hit the orc wizard.
You kill the orc wizard!
Your Conjurations skill increases to level 3!
You have reached level 4!
You feel clever.
Things that are here:
a +0 dagger; a +0 robe; an orc corpse Search for what [? for help]? .
Items here: )) [ †.
m - a +2 dagger of electrocution An orc comes into view.
It is wielding a +0 mace.
Things that are here:
a +0 dagger; a +0 robe; an orc corpse An orc comes into view.
It is wielding a +0 flail.
The orc shouts!
The orc hits you with a +0 flail.
* * * LOW HITPOINT WARNING * * *
The orc barely misses you.
Casting: Foxfire (safe; 2% risk of failure)
Confirm with . or Enter, or press ? or * to list all spells.
You conjure some foxfire!
The orc closely misses you. The orc hits you with a +0 flail.
* * * LOW HITPOINT WARNING * * *
You completely miss the orc.
The foxfire hits the orc!
The orc is almost dead.
The orc hits you with a +0 mace.
* * * LOW HITPOINT WARNING * * *
The orc barely misses you. The orc hits you with a +0 mace.
You die...

# #... ##.#..#
#....<# #..##.#
#. #.# . #.# ..
#o# S.. ##.#
o... ##@o#
.....
#).######...##.
#.).).†..o.†.).
###############


You could see 2 orcs.

Vanquished Creatures
  An orc wizard (D:3)
  An adder (D:3)
  A worm (D:2)
  A dart slug (D:2)
  3 orcs (D:3)
  An endoplasm (D:1)
  2 goblins
  4 hobgoblins
  4 kobolds
  3 ball pythons
  3 bats
  2 frilled lizards
  2 rats (D:1)
28 creatures vanquished.

Vanquished Creatures (others)
  104 foxfires
104 creatures vanquished.

Grand Total: 132 creatures vanquished

Notes
Turn   | Place    | Note
-------+----------+-------------------------------------------
     0 | D:1      | Descartes the Deep Elf Fire Elementalist began the quest
                  | for the Orb.
     0 | D:1      | Reached XP level 1. HP: 10/10 MP: 6/6
     3 | D:1      | Noticed an electric eel
     4 | D:1      | Noticed an electric eel
   370 | D:1      | Reached XP level 2. HP: 15/15 MP: 4/8
  1193 | D:2      | Found a bloodstained altar of Trog.
  1311 | D:2      | Found Ykaluvyo's Antique Armour Boutique.
  1487 | D:2      | Reached skill level 4 in Fire Magic
  1639 | D:3      | Reached XP level 3. HP: 19/19 MP: 6/9
  1727 | D:3      | Reached XP level 4. HP: 7/24 MP: 0/10
  1748 | D:3      | HP: 1/24 [orc (2)]
  1749 | D:3      | Slain by an orc

Illustrated notes

Levels and vault maps discovered:
D:1:      arrival_aquarium_b, layout_basic
D:2:      layout_rooms, serial_shops, shop_statue, basic_altar,
          hangedman_decor_lopped
D:3:      layout_rooms, mainiacjoe_overflow_alcove_2

Skill      XL: |  1  2  3 |
---------------+----------+-----
Conjurations   | 2 3 |  3.1
Fire Magic     | 4 |  4.5
Dodging        | |  2.4
Stealth        | |  2.4
Spellcasting   | |  3.0

Action                   |  1- 3 |  4- 6 || total
-------------------------+-------+-------++-------
Melee: Short sword       |     4 |     1 ||     5
 Cast: Foxfire           |    71 |     1 ||    72
Armor: Robe              |     7 |       ||     7
Dodge: Dodged            |     7 |     3 ||    10
